 Dungeon Crawl Stone Soup version 0.30-b1-2-g02819fbbbe (webtiles) character file.

Game seed: 242930595646272388

32 Alarkh the Sneak (level 3, -5/29 HPs)
             Began as a Demonspawn Delver on May 22, 2023.
             Slain by an ogre
             ... wielding a +0 giant spiked club
              (34 damage)
             ... on level 5 of the Dungeon.
             The game lasted 00:00:20 (104 turns).

Alarkh the Sneak (Demonspawn Delver)                 Turns: 104, Time: 00:00:20

Health: -5/29      AC:  3    Str: 12    XL:     3   Next: 8%
Magic:  3/3        EV: 11    Int: 13    God:
Gold:   0          SH:  0    Dex: 14    Spells: 2/2 levels left

rFire   . .          .
                       - Unarmed
rCold   . . .        (no shield)
rNeg    . . .        a - +0 leather armour
rPois   .            (no helmet)
rElec   .            (no cloak)
rCorr   .            (no gloves)
SInv    .            (no boots)
Will    .....        (no amulet)
Stlth   ++           (no ring)
HPRegen 0.24/turn    (no ring)
MPRegen 0.08/turn

%: no passive effects
@: no status effects
A: ignite blood 1
a: no special abilities


You were on level 5 of the Dungeon.
You visited 1 branch of the dungeon, and saw 1 of its levels.

Inventory:

Armour
 a - a +0 leather armour (worn)
Wands
 f - a wand of digging (3)
Scrolls
 b - a scroll of fog
 c - a scroll of magic mapping
 d - a scroll of fear


   Skills:
 - Level 3.0 Fighting
 - Level 1.7 Dodging
 - Level 4.5 Stealth
 + Level 3.2 Unarmed Combat


You had 2 spell levels left.
You didn't know any spells.
Your spell library was empty.

Dungeon Overview and Level Annotations

Branches:
Dungeon (5/15)
 Temple: D:4-7

Altars:

Annotations:
D:5 Grinder


Innate Abilities, Weirdness & Mutations

Your demonic aura sometimes causes spilled blood to erupt in flames.


Message History

You barely miss the hound.
The hound is severely wounded.
The hound barely misses you.
You hit the hound.
The hound is almost dead.
The hound bites you but does no damage.
You hit the hound but do no damage.
The hound is almost dead.
The hound bites you.
You miss the hound.
The hound is almost dead.
The hound bites you.
You closely miss the hound.
The hound is almost dead.
The hound closely misses you.
You hit the hound.
You kill the hound!
Your Unarmed Combat skill gained 2 levels and is now at level 3!
You have reached level 2!
Your demonic ancestry asserts itself...
Your blood heats up.
You have reached level 3!
Your experience leads to an increase in your attributes!
Increase (S)trength, (I)ntelligence, or (D)exterity?
You feel clever. x2
You start resting.
Your extra speed is starting to run out.
You start resting.
HP restored.
You start resting.
You feel yourself slow down.
You start resting.
HP restored.
An ogre comes into view. It is wielding a +0 giant spiked club.
Found an emerald potion.
The ogre shouts!
You see here a hound corpse.
The ogre hits you with a +0 giant spiked club!!
Ouch! That really hurt!
You die...

#.# .# # #.# ..#
#!#.# .. #.#.#..
#.#.#. #.#....
....... #....O#
....... #@#
....... #.#
....... #†#
.5..... ##.#
....... .##.#
.......###..##.#
#....# #.# ..
##.#### #.#
#...####...#####.#


You could see an ogre.

Vanquished Creatures
  A hound (D:5)
1 creature vanquished.

Notes
Turn   | Place    | Note
-------+----------+-------------------------------------------
     0 | D:5      | Alarkh the Demonspawn Delver began the quest for the Orb.
     0 | D:5      | Reached XP level 1. HP: 18/18 MP: 1/1
    11 | D:5      | Noticed Grinder
    22 | D:5      | Noticed a hound
    52 | D:5      | Killed a hound
    53 | D:5      | Gained mutation: Your demonic aura sometimes causes spilled
                  | blood to erupt in flames. [demonic ancestry]
    53 | D:5      | Reached XP level 2. HP: 16/24 MP: 2/2
    53 | D:5      | Reached XP level 3. HP: 19/29 MP: 3/3
   102 | D:5      | Noticed an ogre
   104 | D:5      | Slain by an ogre

Illustrated notes

Levels and vault maps discovered:
D:5:      layout_basic, ashenzari_conservatory_becter,
          minmay_overflow_temple_star_quad, minmay_temple_entry_glassed_door,
          serial_shops, nicolae_shop_trees, shop, shop, shop, uniq_grinder,
          uniq_blork_the_orc

Skill      XL: |  1 |
---------------+----+-----
Unarmed Combat | 3 |  3.2
Fighting       | |  3.0
Dodging        | |  1.7
Stealth        | |  4.5

Action                     || total
---------------------------++-------
  Melee: Unarmed           ||    27
    Use: Potion            ||     1
 Armour: Leather armour    ||    12
  Dodge: Dodged            ||     8
